 Dungeon Crawl Stone Soup version 0.32-a0-22-g6ae6769602 (webtiles) character file.

Game seed: 5522320902145089308

129107 SliceSliceBaby the Earth Mage (level 17, -13/106 HPs)
             Began as a Gargoyle Earth Elementalist on Jan 15, 2024.
             Was a High Priest of Vehumet.
             Collided with a rock wall (31 damage)
             ... after being knocked back by Bai Suzhen
             ... on level 3 of the Snake Pit on Jan 18, 2024.
             The game lasted 05:16:38 (38196 turns).

SliceSliceBaby the Earth Mage (GrEE)               Turns: 38196, Time: 05:16:39

Health: -13/106    AC: 41    Str: 14    XL:     17   Next: 4%
Magic:  13/37      EV: 12    Int: 22    God:    Vehumet [*****.]
Gold:   1660       SH:  4    Dex:  8    Spells: 13/49 levels left

rFire   . . .        G - staff of earth
rCold   + + .        F - +0 buckler
rNeg    + + .        D - +2 robe {rN+}
rPois   ∞            V - +1 helmet
rElec   +            L - +2 cloak
rCorr   .            x - +0 pair of gloves
SInv    +            H - +1 pair of boots
Will    +....        A - amulet of Jacis {RegenMP rC+}
Stlth   ++           P - ring of protection from cold
HPRegen 0.37/turn    p - ring of see invisible
MPRegen 0.65/turn

%: no passive effects
@: flying, studying Unarmed Combat
A: sickness immunity, AC +12, big wings, negative energy resistance 1,
electricity resistance, torment resistance 1, petrification resistance, clumsy 1
a: Renounce Religion


You were on level 3 of the Snake Pit.
You worshipped Vehumet.
Vehumet was extremely pleased with you.
You visited 6 branches of the dungeon, and saw 25 of its levels.
You also visited: Sewer.

You collected 3181 gold pieces.
You spent 1521 gold pieces at shops.

Inventory:

Missiles
 E - 3 throwing nets
Armour
 i - a scarf of repulsion
 x - a +0 pair of gloves (worn)
 D - a +2 robe of positive energy (worn)
 F - a +0 buckler (worn)
 H - a +1 pair of boots (worn)
 L - a +2 cloak (worn)
 V - a +1 helmet (worn)
Magical Staves
 G - a staff of earth (weapon)
Jewellery
 p - a ring of see invisible (right hand)
 A - the amulet of Jacis (around neck) {RegenMP rC+}
   (You bought it in a shop on level 2 of the Orcish Mines)

   [amulet of magic regeneration]

   RegenMP:   It increases your rate of magic regeneration.
   rC+:       It protects you from cold.
 P - a ring of protection from cold (left hand)
Wands
 B - a wand of light (17)
 C - a wand of flame (44)
 R - a wand of iceblast (8)
 S - a wand of polymorph (16)
 Y - a wand of mindburst (3)
Scrolls
 e - 2 scrolls of noise
 f - 3 scrolls of vulnerability
 g - 3 scrolls of fog
 j - 4 scrolls of amnesia
 m - 3 scrolls of teleportation
 o - 4 scrolls of fear
 r - 3 scrolls of revelation
 s - 2 scrolls of poison
 v - 3 scrolls of enchant armour
 z - a scroll of enchant weapon
 K - 3 scrolls of blinking
 N - 2 scrolls of silence
 O - 3 scrolls of immolation
 X - 3 scrolls of butterflies
Potions
 b - 7 potions of attraction
 c - 7 potions of cancellation
 k - a potion of haste
 l - 2 potions of brilliance
 q - 2 potions of ambrosia
 t - 3 potions of resistance
 u - 4 potions of magic
 I - 7 potions of curing
 M - 2 potions of heal wounds
 Q - 4 potions of enlightenment
 T - 2 potions of invisibility
 Z - 3 potions of lignification
Miscellaneous
 y - a box of beasts


   Skills:
 * Level 12.0 Fighting
 + Level 0.2(0.4) Polearms
 + Level 0.7(0.8) Staves
 - Level 6.0 Armour
 * Level 6.2 Dodging
 - Level 2.1 Stealth
 - Level 5.0 Shields
 + Level 16.5 Spellcasting
 * Level 6.4 Conjurations
 + Level 0.1 Translocations
 * Level 9.5 Fire Magic
 + Level 19.5 Earth Magic


You had 13 spell levels left.
You knew the following spells:

 Your Spells              Type           Power      Damage    Failure   Level
a - Sandblast             Erth           100%       2d20      0%          1
b - Passwall              Erth           100%       N/A       0%          3
c - Stone Arrow           Conj/Erth      100%       3d13      1%          3
d - Lee's Rapid Deconstr  Erth           51%        3d24*     1%          5
e - Fireball              Conj/Fire      26%        3d12      1%          5
f - Brom's Barrelling Bo  Conj/Erth      85%        2d10      1%          4
g - Blink                 Tloc           36%        N/A       5%          2
h - Iskenderun's Battles  Conj           46%        2d10      2%          5
i - Lehudib's Crystal Sp  Conj/Erth      42%        10d10     30%         8

Your spell library contained the following spells:

 Spells                   Type           Power      Damage    Failure   Level
 Foxfire                  Conj/Fire      100%       2x1d9     1%          1
 Kiss of Death            Conj/Necr      100%       2d13      1%          1
 Magic Dart               Conj           100%       1d8       1%          1
 Mercury Vapours          Alch/Air       36%        N/A       1%          2
 Momentum Strike          Conj/Tloc      64%        3d9       1%          2
 Inner Flame              Hex/Fire       39%        N/A       1%          3
 Mephitic Cloud           Conj/Alch/Air  27%        N/A       1%          3
 Animate Armour           Summ/Erth      100%       N/A       1%          4
 Leda's Liquefaction      Alch/Erth      37%        N/A       1%          4
 Petrify                  Alch/Erth      75%        N/A       1%          4
 Bombard                  Conj/Erth      42%        9d7       1%          6
 Iskenderun's Mystic Bla  Conj/Tloc      32%        2d8       2%          4
 Necrotise                Necr           72%        1d7       4%          1
 Slow                     Hex            72%        N/A       4%          1
 Lesser Beckoning         Tloc           36%        N/A       5%          2
 Call Imp                 Summ           36%        N/A       6%          2
 Starburst                Conj/Fire      26%        6d8       6%          6
 Arcjolt                  Conj/Air       16%        1d26      8%          5
 Irradiate                Conj/Alch      16%        3d17      8%          5
 Confusing Touch          Hex            18%        N/A       12%         3
 Fugue of the Fallen      Necr           18%        N/A       12%         3
 Ozocubu's Armour         Ice            18%        N/A       12%         3
 Sigil of Binding         Hex            18%        N/A       12%         3
 Vampiric Draining        Necr           18%        2d7       12%         3
 Freezing Cloud           Conj/Ice/Air   13%        6-21      12%         5
 Plasma Beam              Fire/Air       19%        2x1d31    21%         6
 Cause Fear               Hex            9%         N/A       36%         4
 Dispel Undead            Necr           18%        3d11      36%         4
 Manifold Assault         Tloc           18%        N/A       36%         4
 Martyr's Knell           Necr/Summ      18%        N/A       36%         4
 Vhi's Electric Charge    Tloc/Air       36%        N/A       36%         4
 Curse of Agony           Necr           18%        N/A       73%         5
 Maxwell's Capacitive Co  Air            9%         ∞         100%        8
 Dragon's Call            Summ           9%         N/A       100%        9
 Fire Storm               Conj/Fire      26%        8d7       100%        9
 Sublimation of Blood     Necr           Unusable   N/A       N/A         2

Dungeon Overview and Level Annotations

Branches:
Dungeon (12/15)            Temple (1/1) D:6            Lair (4/5) D:10
 Shoals (3/4) Lair:2        Snake (3/4) Lair:2        Slime (0/5) Lair:4
    Orc (2/2) D:10            Elf (0/3) Orc:2         Sewer (visited)

Altars:
Ashenzari
Cheibriados
Dithmenos
Elyvilon
Fedhas
Gozag
Hepliaklqana
Kikubaaqudgha
Makhleb
Nemelex Xobeh
Okawaru
Qazlal
Ru
Sif Muna
Trog
Uskayaw
Vehumet
Wu Jian
Xom
Yredelemnul
Zin
The Shining One
Jiyva

Shops:
D:3 *   D:11 =[   Orc:2 [=[   Snake:1 *([

Annotations:
D:11 1 runed translucent door
Temple 2 transporters
Shoals:2 Mlioglotl
Snake:3 Bai Suzhen


Innate Abilities, Weirdness & Mutations

You are immune to sickness and miasma.
Your stone body is resilient. (AC +12)
You are immune to poison.
Your large and strong wings let you fly.
You resist negative energy. (rN+)
You are resistant to electric shocks. (rElec)
You are resistant to unholy torment.
You are immune to petrification.
You are clumsy. (Dex -2)


Message History

Your battlesphere fires!
The barrage of energy hits Bai Suzhen but does no damage.
Bai Suzhen is moderately wounded.
Casting: Lee's Rapid Deconstruction (safe; 1% risk of failure)
Confirm with . or Enter, or press ? or * to list all spells.
Aiming: Lee's Rapid Deconstruction (safe; 1% risk of failure)
Press: ? - help, Dir - move target A rock wall.
You feel a surge of power!
The wall shatters!
The blast of rock fragments hits Bai Suzhen!
Bai Suzhen is moderately wounded.
Your battlesphere fires!
The barrage of energy hits Bai Suzhen!
Bai Suzhen is moderately wounded.
Bai Suzhen breathes water at you. The torrent of water hits you!!
The wave splashes down.
You hear a shout! x3
There is an open door here.
Casting: Lee's Rapid Deconstruction (safe; 1% risk of failure)
Confirm with . or Enter, or press ? or * to list all spells.
Aiming: Passwall (safe; 0% risk of failure)
Press: ? - help, Dir - move target, f - you Please select a wall.
Okay, then.
Okay, then.
Casting: Passwall (safe; 0% risk of failure)
Confirm with . or Enter, or press ? or * to list all spells.
Aiming: Passwall (safe; 0% risk of failure)
Press: ? - help, Dir - move target A rock wall.
You feel a surge of power!
You begin to meditate on the wall.
You continue meditating on the rock. x2
You are engulfed in a thunderstorm.
You resist.
* * * LOW HITPOINT WARNING * * *
Bai Suzhen breathes water at you. The torrent of water hits you!
* * * LOW HITPOINT WARNING * * *
You are knocked back by the torrent of water.
You slam into the rock wall!
You die...

# #.## ##....###.# #.## ##
##..####.........## ##..##
.###.................## ##..§§.
~................§..*.## ##......
...............~§§§....###.......
..§§§..........~§D§§§............
.§§§§.§........~~###§§...........
.§§§§..###....§##D§#§~...........
..§...##.##....'@§§#~~...........
......'...#...##...#§§§..........
+##...#'#.#...#....#§§...........
#.....###...##...#.§).##....... #
#........[.<##...'#§.####.....# #
#...........#.....#§.# ##....# #
#...........##....#§## #..... #
#............#...##~~# ##....
#............##.##~[~## #.=..


You could see Bai Suzhen (clouds, catching breath).

Vanquished Creatures
  A lich (D:11)
  Polyphemus (Shoals:2)
  A fire giant (D:11)
  An orc warlord (Orc:2)
  Snorg (D:10)
  A yaktaur captain (D:11)
  The ghost of koorschki the Fighter, a journeyman OnMo of Hepliaklqana (D:11)
  A merfolk javelineer (Shoals:1)
  3 merfolk impalers
  Fannar (D:12)
  A catoblepas (Shoals:1)
  2 hydras
  A centaur warrior (D:10)
  3 anacondas (Snake:3)
  A merfolk aquamancer (Shoals:1)
  3 two-headed ogres
  9 death yaks
  A boulder beetle (D:11)
  5 naga warriors
  10 naga sharpshooters
  5 orc high priests (Orc:2)
  3 shock serpents
  The ghost of HourglassMan the Cleaver, a novice HOFi (D:6)
  Amaemon (D:11)
  2 salamander mystics (Snake:2)
  A skeletal warrior (D:11)
  4 skysharks
  Lodul (D:10)
  11 mana vipers
  3 sea snakes
  4 naga ritualists (Snake:1)
  6 harpies
  A necromancer (D:11)
  Maurice (D:11)
  5 oklob plants (Lair:4)
  An orc knight (Orc:2)
  An ugly thing (D:9)
  6 fauns (Shoals:2)
  2 orc sorcerers (Orc:2)
  4 cyclopes
  5 salamanders
  5 manticores
  3 meliai (D:12)
  5 elephants
  2 water nymphs (Shoals:1)
  A kobold blastminer (Orc:2)
  22 black mambas
  2 gargoyles
  2 torpor snails
  6 merfolk sirens
  Joseph (D:7)
  2 guardian serpents (Snake:3)
  2 centaur zombies (D:12)
  6 naga magi
  A molten gargoyle (Lair:1)
  An orange demon (D:11)
  15 cane toads
  3 rime drakes
  2 kobold demonologists
  5 komodo dragons
  Jeremiah (D:9)
  20 merfolk
  A polar bear (Lair:2)
  6 wind drakes
  8 snapping turtles
  5 trolls
  Grinder (D:5)
  2 meliai zombies (D:12)
  8 blink frogs
  11 dream sheep
  8 slime creatures (D:12)
  4 vampires
  A spriggan (Lair:2)
  4 water elementals
  Sigmund (D:6)
  4 shadows (D:12)
  A wyvern (D:10)
  6 wraiths
  3 basilisks
  3 humans (D:6)
  38 yaks
  9 fire bats
  3 steam dragons
  Grum (D:10)
  Edmund (D:6)
  33 nagas
  9 water moccasins
  Duvessa (D:6)
  19 orc warriors
  4 black bears
  3 ice beasts
  13 ogres
  5 sky beasts
  23 wolves
  8 centaurs
  A phantom (D:4)
  12 bullfrogs
  Blork the orc (D:6)
  2 brain worms (Sewer)
  A gnoll sergeant (D:7)
  2 scorpions
  9 wights
  Dowan (D:6)
  13 killer bees (D:9)
  6 howler monkeys
  An electric eel (Lair:4)
  3 bombardier beetles
  6 hounds
  A jelly (D:5)
  36 orc priests
  A gnoll bouda (D:9)
  A sleepcap (D:4)
  3 iguanas
  27 orc wizards
  6 hell rats (Lair:1)
  11 gnolls
  11 adders
  31 river rats
  A shadow imp (D:6)
  2 white imps
  2 ufetubi (D:6)
  8 dart slugs
  8 ribbon worms
  44 orcs
  6 bats
  10 endoplasms
  4 giant cockroaches
  9 goblins
  9 hobgoblins
  4 jackals (D:1)
  8 kobolds
  10 quokkas
  5 ball pythons
  7 frilled lizards
  21 rats
814 creatures vanquished.

Vanquished Creatures (collateral kills)
  3 boulders
3 creatures vanquished.

Vanquished Creatures (others)
  Maggie (D:7)
  A boulder (Snake:3)
  2 starspawn tentacles (Shoals:2)
4 creatures vanquished.

Grand Total: 821 creatures vanquished

Notes
Turn   | Place    | Note
-------+----------+-------------------------------------------
     0 | D:1      | SliceSliceBaby the Gargoyle Earth Elementalist began the
                  | quest for the Orb.
     0 | D:1      | Reached XP level 1. HP: 10/10 MP: 3/3
    92 | D:1      | Reached XP level 2. HP: 15/15 MP: 0/5
   190 | D:1      | Reached skill level 4 in Earth Magic
   450 | D:1      | Reached XP level 3. HP: 20/20 MP: 4/6
  1329 | D:2      | Found a faded altar of an unknown god.
  1456 | D:2      | Reached skill level 1 in Fighting
  1456 | D:2      | Reached XP level 4. HP: 25/25 MP: 5/8
  2169 | D:2      | Reached skill level 5 in Earth Magic
  2221 | D:2      | Reached XP level 5. HP: 24/29 MP: 6/10
  2312 | D:2      | Learned a level 3 spell: Passwall
  2316 | D:2      | Learned a level 3 spell: Stone Arrow
  2441 | D:3      | Found Zirul's Assorted Antiques.
  2695 | D:4      | Noticed a phantom
  2700 | D:4      | Killed a phantom
  2701 | D:4      | Reached XP level 6. HP: 35/35 MP: 7/12
  2817 | D:4      | Reached skill level 6 in Earth Magic
  3029 | D:4      | Noticed a black bear
  3035 | D:4      | Killed a black bear
  3077 | D:4      | Reached XP level 7. HP: 22/40 MP: 9/14
  3190 | D:3      | Reached skill level 5 in Spellcasting
  3388 | D:3      | Found a snail-covered altar of Cheibriados.
  4046 | D:4      | Reached skill level 7 in Earth Magic
  4372 | D:5      | Entered Level 5 of the Dungeon
  4434 | D:5      | Found a glowing drain.
  4452 | Sewer    | Entered a sewer
  4611 | Sewer    | Reached XP level 8. HP: 35/45 MP: 6/16
  5033 | D:5      | Noticed Grinder
  5041 | D:5      | Killed Grinder
  5042 | D:5      | Reached skill level 8 in Earth Magic
  5748 | D:5      | Found a glowing silver altar of Zin.
  6003 | D:6      | Reached skill level 9 in Earth Magic
  6083 | D:6      | Noticed Edmund
  6086 | D:6      | Killed Edmund
  6153 | D:6      | Found a staircase to the Ecumenical Temple.
  6163 | Temple   | Found a transporter.
  6163 | Temple   | Found a transporter.
  6163 | Temple   | Found a transporter.
  6163 | Temple   | Found a transporter.
  6163 | Temple   | Entered the Ecumenical Temple
  6178 | Temple   | Became a worshipper of Vehumet
  6226 | D:6      | Noticed Blork the orc
  6230 | D:6      | Killed Blork the orc
  6231 | D:6      | Reached XP level 9. HP: 52/52 MP: 6/20
  6707 | D:6      | Reached skill level 10 in Earth Magic
  6795 | D:6      | Found a shimmering altar of Xom.
  6906 | D:6      | Noticed Sigmund
  6913 | D:6      | Killed Sigmund
  7108 | D:6      | Found a runed translucent gate.
  7173 | D:6      | Found a runed translucent gate.
  7173 | D:6      | Found a runed translucent gate.
  7174 | D:6      | Noticed HourglassMan's ghost (novice HOFi)
  8132 | D:6      | Reached * piety under Vehumet
  8132 | D:6      | Offered knowledge of Freeze by Vehumet.
  8257 | D:6      | Reached skill level 11 in Earth Magic
  8257 | D:6      | Reached XP level 10. HP: 58/58 MP: 6/23
  8414 | D:7      | Noticed Duvessa
  8415 | D:7      | Noticed Dowan
  8476 | D:7      | Noticed Maggie
  8539 | D:6      | Killed Duvessa
  8540 | D:6      | Reached skill level 5 in Fighting
  8642 | D:6      | Killed Dowan
  8799 | D:6      | Killed HourglassMan's ghost
  8824 | D:6      | Learned a level 5 spell: Lee's Rapid Deconstruction
  9062 | D:7      | Killed Maggie
  9198 | D:7      | Learned a level 5 spell: Fireball
  9668 | D:7      | Noticed Joseph
  9679 | D:7      | Killed Joseph
  9680 | D:7      | Reached skill level 10 in Spellcasting
  9680 | D:7      | Reached skill level 12 in Earth Magic
  9824 | D:8      | Learned a level 4 spell: Brom's Barrelling Boulder
 10028 | D:8      | Noticed a two-headed ogre
 10031 | D:8      | Killed a two-headed ogre
 10032 | D:8      | Reached skill level 1 in Fire Magic
 11040 | D:9      | Noticed Jeremiah
 11045 | D:9      | Killed Jeremiah
 11152 | D:9      | Reached XP level 11. HP: 64/64 MP: 9/25
 11337 | D:9      | Noticed a cyclops
 11345 | D:9      | Killed a cyclops
 11347 | D:9      | Noticed a two-headed ogre
 11351 | D:9      | Killed a two-headed ogre
 11352 | D:9      | Reached skill level 13 in Earth Magic
 11355 | D:9      | Noticed a purple ugly thing
 11565 | D:9      | Killed a purple ugly thing
 11738 | D:9      | Reached ** piety under Vehumet
 11738 | D:9      | Offered knowledge of Static Discharge by Vehumet.
 11925 | D:9      | Identified the ring of Equivalence {Fire rElec}
 12906 | D:10     | Entered Level 10 of the Dungeon
 13025 | D:10     | Found a staircase to the Orcish Mines.
 13096 | D:10     | Noticed Snorg
 13102 | D:10     | Killed Snorg
 13318 | D:10     | Noticed a centaur warrior
 13323 | D:10     | Killed a centaur warrior
 13435 | D:10     | Noticed Lodul
 13439 | D:10     | Offered knowledge of Dazzling Flash by Vehumet.
 13441 | D:10     | Reached skill level 14 in Earth Magic
 13684 | D:10     | Killed Lodul
 13685 | D:10     | Reached XP level 12. HP: 71/71 MP: 12/28
 13931 | D:10     | Noticed Grum
 13933 | D:10     | Killed Grum
 14222 | D:10     | Reached *** piety under Vehumet
 14920 | D:10     | Found a staircase to the Lair.
 15096 | Lair:1   | Entered Level 1 of the Lair of Beasts
 15377 | Lair:1   | Offered knowledge of Ignite Poison by Vehumet.
 15551 | Lair:1   | Reached skill level 15 in Earth Magic
 15581 | Lair:1   | Noticed a death yak
 15882 | Lair:1   | Reached skill level 1 in Shields
 16157 | D:10     | Upgraded the game from 0.32-a0-13-gbaedc5810e to
                  | 0.32-a0-18-g89e19f1974
 16277 | Lair:1   | Reached **** piety under Vehumet
 16541 | Lair:1   | Killed a death yak
 16541 | Lair:1   | Offered knowledge of Sticky Flame by Vehumet.
 17275 | Lair:1   | Reached ***** piety under Vehumet
 17275 | Lair:1   | Offered knowledge of Irradiate by Vehumet.
 17518 | Lair:1   | Reached XP level 13. HP: 78/78 MP: 25/30
 18129 | Lair:1   | Reached skill level 5 in Fire Magic
 18129 | Lair:1   | Reached skill level 16 in Earth Magic
 18876 | Lair:2   | Found a staircase to the Snake Pit.
 19243 | Lair:2   | Found a staircase to the Shoals.
 20517 | Lair:3   | Learned a level 2 spell: Blink
 20856 | Lair:3   | Reached skill level 5 in Shields
 20903 | Lair:3   | Offered knowledge of Orb of Destruction by Vehumet.
 21750 | Lair:4   | Reached skill level 1 in Armour
 21922 | Lair:4   | Found a viscous altar of Jiyva.
 22069 | Lair:4   | Gained mutation: Your large and strong wings let you fly.
                  | [Gargoyle growth]
 22069 | Lair:4   | Reached XP level 14. HP: 79/86 MP: 16/32
 23144 | Lair:4   | Reached skill level 17 in Earth Magic
 23147 | Lair:4   | Found a staircase to the Slime Pits.
 23717 | Orc:1    | Entered Level 1 of the Orcish Mines
 23917 | Orc:2    | Entered Level 2 of the Orcish Mines
 24091 | Orc:2    | Found a staircase to the Elven Halls.
 24161 | Orc:2    | Noticed an orc warlord
 24166 | Orc:2    | Killed an orc warlord
 25928 | Orc:2    | Found Naeteah's Magic Scroll Shop.
 25928 | Orc:2    | Found Gianelus's Antique Armour Boutique.
 25929 | Orc:2    | Found Moddoj's Jewellery Boutique.
 25936 | Orc:2    | Found Werheg's Armour Shop.
 25981 | Orc:2    | Bought the amulet of Jacis {RegenMP rC+} for 528 gold
                  | pieces
 25990 | Orc:2    | Bought a scroll of identify for 28 gold pieces
 25990 | Orc:2    | Bought a scroll of teleportation for 42 gold pieces
 25990 | Orc:2    | Bought a scroll of identify for 28 gold pieces
 25990 | Orc:2    | Bought a scroll of silence for 133 gold pieces
 25990 | Orc:2    | Bought a scroll of silence for 133 gold pieces
 25990 | Orc:2    | Bought a scroll of identify for 28 gold pieces
 25990 | Orc:2    | Bought a scroll of identify for 28 gold pieces
 25990 | Orc:2    | Bought a scroll of teleportation for 42 gold pieces
 26346 | Snake:1  | Entered Level 1 of the Snake Pit
 26535 | Snake:1  | Offered knowledge of Eringya's Noxious Bog by Vehumet.
 26662 | Snake:1  | Found Jaovoune's Antique Weapon Boutique.
 26821 | Snake:1  | Found Kupnor's Antique Armour Shoppe.
 26828 | Snake:1  | Reached skill level 10 in Fighting
 27131 | Lair:2   | Upgraded the game from 0.32-a0-18-g89e19f1974 to
                  | 0.32-a0-19-g28bc0835a1
 27197 | Snake:1  | Reached skill level 15 in Spellcasting
 27270 | Lair:2   | Reached XP level 15. HP: 63/92 MP: 1/34
 27624 | Snake:1  | Found Cocret's General Store.
 27628 | Snake:1  | Bought a potion of enlightenment for 70 gold pieces
 27707 | Snake:2  | Reached skill level 18 in Earth Magic
 27799 | Snake:2  | Reached skill level 5 in Armour
 29104 | Snake:3  | Noticed Bai Suzhen
 29193 | Snake:2  | Upgraded the game from 0.32-a0-19-g28bc0835a1 to
                  | 0.32-a0-22-g6ae6769602
 30177 | Snake:3  | HP: 2/93 [Bai Suzhen/torrent of water (28)]
 30819 | Shoals:1 | Entered Level 1 of the Shoals
 30985 | Shoals:1 | Reached XP level 16. HP: 84/100 MP: 23/35
 30990 | Shoals:1 | Reached ****** piety under Vehumet
 30990 | Shoals:1 | Offered knowledge of Iskenderun's Battlesphere by Vehumet.
 30997 | Shoals:1 | Learned a level 5 spell: Iskenderun's Battlesphere
 31393 | Shoals:1 | Reached skill level 5 in Dodging
 32627 | Shoals:1 | Reached skill level 19 in Earth Magic
 32798 | Shoals:2 | Noticed Polyphemus
 32824 | Shoals:2 | Killed Polyphemus
 33083 | Shoals:2 | Noticed Mlioglotl
 33099 | Shoals:2 | Noticed a tentacled starspawn
 33101 | Shoals:2 | Noticed a tentacled starspawn
 33287 | Shoals:2 | Reached skill level 5 in Conjurations
 33374 | Shoals:2 | You are sucked into a shaft and drop 1 floor!
 33772 | Shoals:2 | Gained mutation: You are clumsy. (Dex -2) [a neqoxec]
 34064 | Shoals:1 | Learned a level 8 spell: Lehudib's Crystal Spear
 34444 | D:11     | Found a runed translucent door.
 34456 | D:11     | Noticed a lich
 34457 | D:11     | Noticed koorschki's ghost (journeyman OnMo)
 34570 | D:11     | Found Usoin's Armour Shoppe.
 34582 | D:11     | Bought a +2 robe of positive energy for 161 gold pieces
 34754 | D:11     | Noticed Maurice
 34766 | D:11     | Killed Maurice
 34827 | D:11     | Found Qitoa's Jewellery Shop.
 34906 | D:11     | Found a runed translucent door.
 34910 | D:11     | Identified the ring of Qiat {Fly rF+}
 35098 | D:11     | Bought a ring of protection from cold for 300 gold pieces
 35163 | D:11     | Killed a lich
 35171 | D:11     | Killed koorschki's ghost
 35644 | D:11     | Noticed Amaemon
 35650 | D:11     | Killed Amaemon
 36564 | D:12     | Noticed Fannar
 36571 | D:12     | Killed Fannar
 36661 | D:12     | Reached XP level 17. HP: 106/106 MP: 27/37
 37482 | Orc:2    | Identified a scroll of acquirement
 37484 | Orc:2    | Acquired the Volume of Roasted Battle Magic
 38196 | Snake:3  | Collided with a rock wall

Illustrated notes

Levels and vault maps discovered:
D:1:      heliophobic_arrival_enchanted_forest, layout_loops_ring,
          roderic_filled_cross
D:2:      layout_loops_corners, shapermc_ecumenical_altar_starsandcircs,
          hangedman_decor_clover_reticule, kennysheep_potato
D:3:      layout_loops_ring, lemuel_crystal_altar, serial_shops, shop,
          hangedman_glass_teeth
D:4:      minmay_bubble_buster, layout_cave_pools, minmay_misc_feat_pillars
D:5:      layout_gridville, mainiacjoe_overflow_catwalk,
          lightli_sewer_entry_pipes, hangedman_decor_push, minmay_manual_mares,
          uniq_grinder
D:6:      layout_basic, regret_index_xom_of_box, minmay_temple_entry_nine_rooms,
          ebering_ghost_rock_garden, columned_hall_lemuel,
          amcnicky_mini_pool_small, minmay_ruffians, uniq_blork_the_orc,
          uniq_sigmund, uniq_edmund
D:7:      layout_rooms, uniq_joseph, uniq_maggie, uniq_duvessa
D:8:      layout_basic
D:9:      kennysheep_blocky_room, layout_grid_maze, hangedman_misty_isle,
          uniq_jeremiah
D:10:     layout_roguey, grunt_lair_entry_orc_guard_hut, orc_0_dummy,
          serial_corexii_hall, chequers_hall_statues_corner_a,
          chequers_hall_statues_wall_a, corexii_hall_statues_l,
          minmay_misc_feat_rugged, uniq_lodul, uniq_snorg, uniq_grum
D:11:     layout_roguey, serial_shops, nicolae_shop_tiny_glass,
          nicolae_shop_rolling_square, muffindrake_ghost_dual_entry,
          uniq_amaemon, uniq_maurice
D:12:     layout_roguey, serial_undead, serial_undead_a, serial_undead_d,
          serial_undead_d, serial_undead_b, serial_undead_a,
          nicolae_figureground_pulse, uniq_fannar
Temple:   hellmonk_temple_divided_pantheon
Lair:1:   lemuel_ratsnest, layout_gridlike, kennysheep_abandoned_house
Lair:2:   layout_hall_layers, minmay_shoals_entry_hut,
          minmay_snake_entry_guardpost_medium, grunt_forest_stairs_clearing
Lair:3:   layout_small_grid, chequers_serial_rivers_micro_c
Lair:4:   layout_gridlike, minmay_slime_entry_oklob_enclosed
Shoals:1: layout_shoals
Shoals:2: layout_shoals, nicolae_shoals_gull_way, uniq_mlioglotl,
          uniq_polyphemus
Shoals:3: layout_shoals, nicolae_shoals_songs
Snake:1:  kennysheep_six_static_rooms, layout_concentric_octagons, serial_shops,
          shop, shop, nicolae_shop_gaudy_bauble, nicolae_shop_just_a_little_nook
Snake:2:  layout_grid_shapes
Snake:3:  layout_cave_town, grunt_megastairs_2, uniq_bai_suzhen, uniq_vashnia
Orc:1:    layout_caves, basic_altar, mines2_david
Orc:2:    st_orc_mages, layout_caves, nicolae_orc_minecarts

Skill      XL: |  1  2  3  4  5  6  7  8  9 10 11 12 13 14 15 16 17 |
---------------+----------------------------------------------------+-----
Earth Magic    | 4 5 6 7 9 11 12 14 15 16 17 18 19 | 19.5
Spellcasting   | 3 4 5 7 9 10 12 13 14 15 16 | 16.5
Fighting       | 1 2 3 4 6 7 9 10 11 12 | 12.0
Fire Magic     | 1 3 4 6 7 8 9 |  9.5
Shields        | 2 5 |  5.0
Armour         | 1 4 6 |  6.0
Dodging        | 3 4 6 |  6.2
Conjurations   | 2 3 6 |  6.4
Polearms       | |  0.2
Staves         | |  0.7
Stealth        | |  2.1
Translocations | |  0.1

Action                     |  1- 3 |  4- 6 |  7- 9 | 10-12 | 13-15 | 16-18 || total
---------------------------+-------+-------+-------+-------+-------+-------++-------
  Melee: Mace              |     4 |       |       |       |       |       ||     4
         Whip              |       |       |     1 |       |       |       ||     1
         Halberd           |       |       |       |     3 |       |       ||     3
         Staff             |       |       |       |    13 |    15 |    20 ||    48
   Cast: Sandblast         |    58 |    68 |   113 |    54 |    53 |     7 ||   353
         Stone Arrow       |       |       |    79 |   141 |   200 |    55 ||   475
         Passwall          |       |       |     2 |    15 |     6 |     4 ||    27
         Lee's Rapid Decon |       |       |       |   130 |   384 |   182 ||   696
         Brom's Barrelling |       |       |       |     2 |     5 |     1 ||     8
         Blink             |       |       |       |       |     1 |     4 ||     5
         Fireball          |       |       |       |       |     2 |    75 ||    77
         Iskenderun's Batt |       |       |       |       |       |     2 ||     2
    Use: Potion            |     1 |       |       |       |     1 |     4 ||     6
         Scroll            |       |       |       |    18 |     7 |     8 ||    33
 Armour: Robe              |    16 |    26 |    34 |   106 |   200 |    98 ||   480
         Skin              |       |       |       |       |       |    74 ||    74
  Dodge: Dodged            |    12 |    24 |    68 |   151 |   243 |   107 ||   605
         Repelled          |       |       |       |       |    22 |       ||    22
  Block: Buckler           |       |       |       |       |    50 |    30 ||    80

Table legend: (Time is in decaauts)
 A = Elapsed time spent in this place.
 B = Non-inter-level travel time spent in this place.
 C = Inter-level travel time spent in this place.
 D = Time resting spent in this place.
 E = Time spent auto-exploring this place.
 F = Levels seen in this place.
 G = Mean time per level.
                   A        B        C        D        E       F      G
               +--------+--------+--------+--------+--------+-----+--------+
         Total |  38630 |  31295 |   7335 |      0 |   9057 |  26 | 1485.8 |
       Dungeon |  18804 |  16057 |   2747 |      0 |   7853 |  12 | 1567.0 |
        Temple |     55 |     43 |     12 |      0 |      0 |   1 |   55.0 |
          Lair |   8563 |   6546 |   2017 |      0 |    913 |   4 | 2140.8 |
        Shoals |   3210 |   2725 |    485 |      0 |      0 |   3 | 1070.0 |
     Snake Pit |   4398 |   3621 |    777 |      0 |     27 |   3 | 1466.0 |
  Orcish Mines |   2987 |   1692 |   1295 |      0 |     63 |   2 | 1493.5 |
         Sewer |    609 |    609 |      0 |      0 |    201 |   1 |  609.0 |
               +--------+--------+--------+--------+--------+-----+--------+

Top non-repeatable levels by time:
     D:6: 2990 daAuts
    D:10: 2945 daAuts
  Lair:2: 2542 daAuts
  Lair:1: 2451 daAuts
     D:9: 2386 daAuts
   Orc:2: 2106 daAuts
  Lair:3: 2097 daAuts
Shoals:1: 1974 daAuts
    D:11: 1630 daAuts
 Snake:2: 1606 daAuts
 Snake:3: 1603 daAuts
  Lair:4: 1471 daAuts
     D:2: 1441 daAuts
    D:12: 1313 daAuts
     D:5: 1297 daAuts
